 Dungeon Crawl Stone Soup version 0.26-a0-649-gf8c6c3aab7 (webtiles) character file.

Game seed: 10658092178086705318

21 smeego the Shield-Bearer (level 2, -1/21 HPs)
             Began as an Octopode Fighter on Sept 27, 2020.
             Slain by Sigmund
             ... wielding a +3 scythe of venom
              (13 damage)
             ... on level 2 of the Dungeon.
             The game lasted 00:00:35 (389 turns).

smeego the Shield-Bearer (Octopode Fighter)          Turns: 389, Time: 00:00:36

Health: -1/21      AC:  5    Str: 15    XL:     2   Next: 83%
Magic:  2/2        EV: 11    Int: 10    God:
Gold:   18         SH:  0    Dex: 11    Spells: 1/1 levels left

rFire    . . .     SeeInvis .   a - +0 long sword
rCold    . . .     Faith    .   b - +0 kite shield
rNeg     . . .     Spirit   .   (helmet restricted)
rPois    .         Reflect  .   (no amulet)
rElec    .         Harm     .   i - +4 ring of protection
rCorr    .         Rampage  .   (no ring)
MR       .....                  (no ring)
Stlth    ++........             (no ring)
HPRegen  0.07/turn              (no ring)
MPRegen  0.08/turn              (no ring)
                                (no ring)
                                (no ring)

@: confused, lethally poisoned (-1 -> -8)
A: almost no armour, stealthy swim, amphibious, 8 rings, constrict 8, camouflage
1, gelatinous body 1
a: no special abilities


You were on level 2 of the Dungeon.
You visited 1 branch of the dungeon, and saw 2 of its levels.

You collected 18 gold pieces.

Inventory:

Hand Weapons
 a - a +0 long sword (weapon)
Armour
 b - a +0 kite shield (worn)
Jewellery
 h - an uncursed amulet of faith
 i - a +4 ring of protection (left tentacle)
Scrolls
 j - a scroll of random uselessness {unknown}
Potions
 c - a potion of might
 d - a potion of cancellation {unknown}
 e - a potion of ambrosia {unknown}
 g - a potion of haste {unknown}


   Skills:
 + Level 3.1 Fighting
 * Level 2.4 Long Blades
 + Level 0.5 Throwing
 + Level 3.0 Dodging
 + Level 1.1 Stealth
 + Level 3.1 Shields
 + Level 0.4 Unarmed Combat


You had one spell level left.
You didn't know any spells.
Your spell library was empty.

Dungeon Overview and Level Annotations

Branches:
Dungeon (1/15)

Altars:

Annotations:
D:2 Sigmund


Innate Abilities, Weirdness & Mutations

You cannot wear most types of armour.
You are very stealthy in the water. (Stealth+)
You are amphibious.
You can wear up to eight rings at the same time.
You can use your tentacles to constrict eight enemies at once.
Your skin changes colour to match your surroundings (Stealth+).
Your rubbery body absorbs attacks. (AC +1, EV +1)


Message History

You block Sigmund's attack.
A goblin comes into view. It is wielding a +0 club.
You hit Sigmund but do no damage. Your grab misses Sigmund.
You block Sigmund's attack.
You barely miss Sigmund. Your grab misses Sigmund. You squeeze Sigmund.
Sigmund is lightly wounded.
Sigmund gestures at you while chanting.
You are confused.
You are too confused!
There are monsters nearby!
You are too confused!
You are too confused!
Unknown command.
Sigmund hits you from afar with a +3 scythe of venom!
You are poisoned.
You feel sick.
Sigmund says, "You will soon forget everything."
Sigmund hits you from afar with a +3 scythe of venom!
Ouch! That really hurt!
You die...

.. ##.####
#.....
#....# ##
##..#.#..#
........
###.@.#
#.@.g##
#.....#
#....$#
#.†...#
#....##
###...
##... ..##
<.#


You could see Sigmund and a goblin.

Vanquished Creatures
  2 dart slugs
  A leopard gecko (D:1)
  4 bats (D:1)
  A goblin (D:1)
  3 hobgoblins (D:1)
  4 kobolds (D:1)
  A rat (D:1)
16 creatures vanquished.

Notes
Turn   | Place    | Note
-------+----------+-------------------------------------------
     0 | D:1      | smeego the Octopode Fighter began the quest for the Orb.
     0 | D:1      | Reached XP level 1. HP: 16/16 MP: 1/1
   122 | D:1      | Reached XP level 2. HP: 21/21 MP: 2/2
   128 | D:1      | Reached skill level 1 in Stealth
   379 | D:1      | You fall into a shaft and drop 1 floor!
   380 | D:2      | Noticed Sigmund
   389 | D:2      | Slain by Sigmund

Illustrated notes

Levels and vault maps discovered:
D:1:      dpeg_arrival_water_temple_mockup, layout_basic, minmay_misc_feat_tiny
D:2:      layout_loops_ring, nicolae_overflow_hidden_temple, serial_forest,
          infiniplex_forest_lined_3, infiniplex_forest_clump_cross,
          infiniplex_forest_straight_5, infiniplex_forest_clump_large,
          infiniplex_forest_fountain, infiniplex_forest_clump_double,
          minivault_4, minmay_between, uniq_robin, uniq_natasha, uniq_sigmund

Skill      XL: |  1  2 |
---------------+-------+-----
Stealth        | 1 |  1.1
Fighting       | |  3.1
Long Blades    | |  2.4
Throwing       | |  0.5
Dodging        | |  3.0
Shields        | |  3.1
Unarmed Combat | |  0.4

Action                   || total
-------------------------++-------
Melee: Long sword        ||    28
       Constrict         ||     9
       Tentacles         ||     3
  Use: Scroll            ||     2
 Stab: Sleeping          ||     4
Armor: Skin              ||     6
Dodge: Dodged            ||    12
Block: Kite shield       ||    15
       Rpst.: Long sword ||     3

Table legend: (Time is in decaauts)
 A = Elapsed time spent in this place.
 B = Non-inter-level travel time spent in this place.
 C = Inter-level travel time spent in this place.
 D = Time resting spent in this place.
 E = Time spent auto-exploring this place.
 F = Levels seen in this place.
 G = Mean time per level.
                   A        B        C        D        E       F      G
               +--------+--------+--------+--------+--------+-----+--------+
         Total |    399 |    399 |      0 |      0 |    301 |   2 |  199.5 |
       Dungeon |    399 |    399 |      0 |      0 |    301 |   2 |  199.5 |
               +--------+--------+--------+--------+--------+-----+--------+

Top non-repeatable levels by time:
     D:1: 387 daAuts
     D:2: 11 daAuts
